 Dungeon Crawl Stone Soup version 0.30.0-5-g1a98f26d00 (webtiles) character file.

Game seed: 7798680284609641078

2689 McKennaii the Destroyer (level 9, -6/56 (62) HPs)
             Began as a Demigod Conjurer on May 12, 2023.
             Mangled by an orc knight
             ... wielding a +0 halberd
              (21 damage)
             ... in a bailey.
             The game lasted 00:08:48 (7678 turns).

McKennaii the Destroyer (Demigod Conjurer)          Turns: 7678, Time: 00:08:49

HP:   -6/56 (62)    AC:  3    Str:  8    XL:     9   Next: 15%
MP:   28/42         EV: 12    Int: 32    God:
Gold: 443           SH:  0    Dex: 12    Spells: 16/23 levels left

rFire   . . .        g - +1 dagger (venom)
rCold   . . .        (no shield)
rNeg    . . .        a - +0 robe
rPois   .            (no helmet)
rElec   .            (no cloak)
rCorr   .            (no gloves)
SInv    .            z - +0 pair of boots
Will    .....        (no amulet)
Stlth   ++           w - ring of magical power
HPRegen 0.29/turn    u - ring of magical power
MPRegen 0.28/turn

%: no passive effects
@: drained
A: high MP 1, forlorn, divine attributes
a: no special abilities


You were in a bailey.
You visited 1 branch of the dungeon, and saw 8 of its levels.
You also visited: Bailey.

You collected 443 gold pieces.

Inventory:

Hand Weapons
 g - a +1 dagger of venom (weapon)
Armour
 a - a +0 robe (worn)
 z - a +0 pair of boots (worn)
 F - a +2 leather armour of positive energy
Jewellery
 u - a ring of magical power (right hand)
 w - a ring of magical power (left hand)
Wands
 A - a wand of iceblast (2)
 B - a wand of mindburst (5)
 C - a wand of paralysis (10)
Scrolls
 c - 2 scrolls of enchant armour
 e - 2 scrolls of vulnerability
 f - 2 scrolls of poison
 i - a scroll of torment
 j - 3 scrolls of enchant weapon
 l - 2 scrolls of identify
 m - 2 scrolls of fog
 o - 8 scrolls of teleportation {unknown}
 r - a scroll of blinking {unknown}
 v - 2 scrolls of amnesia
 D - a scroll of brand weapon {unknown}
Potions
 b - 2 potions of magic
 d - 2 potions of curing {unknown}
 h - 4 potions of haste {unknown}
 k - 2 potions of mutation {unknown}
 n - 2 potions of brilliance {unknown}
 p - 2 potions of invisibility {unknown}
 q - 3 potions of lignification {unknown}
 t - 2 potions of cancellation {unknown}
 x - 2 potions of degeneration {unknown}
 E - a potion of heal wounds {unknown}


   Skills:
 - Level 1.7 Dodging
 - Level 1.7 Stealth
 + Level 7.8 Spellcasting
 + Level 9.2 Conjurations


You had 16 spell levels left.
You knew the following spells:

 Your Spells              Type           Power      Damage    Failure   Level
a - Magic Dart            Conj           100%       1d8       1%          1
b - Searing Ray           Conj           100%       2d8       1%          2
c - Iskenderun's Mystic   Conj/Tloc      42%        2d10      6%          4

Your spell library contained the following spells:

 Spells                   Type           Power      Damage    Failure   Level
 Dazzling Flash           Conj/Hex       84%        N/A       1%          3
 Mephitic Cloud           Conj/Pois/Air  32%        N/A       3%          3
 Call Imp                 Summ           24%        N/A       6%          2
 Fulminant Prism          Conj/Hex       21%        3d12      6%          4
 Ignite Poison            Fire/Tmut/Pois 12%        N/A       12%         3
 Inner Flame              Hex/Fire       12%        N/A       12%         3
 Freezing Cloud           Conj/Ice/Air   16%        6-21      30%         5
 Passage of Golubria      Tloc           12%        N/A       36%         4
 Summon Ice Beast         Ice/Summ       12%        N/A       36%         4
 Silence                  Hex/Air        6%         N/A       71%         5
 Yara's Violent Unravell  Hex/Tmut       6%         3d5       71%         5
 Enfeeble                 Hex            6%         N/A       100%        7
 Lehudib's Crystal Spear  Conj/Erth      21%        10d6      100%        8


Dungeon Overview and Level Annotations

Branches:
Dungeon (8/15)             Temple (0/1) D:4          Bailey (1/1)
   Lair: D:8-11

Shops:
D:3 [   D:6 (

Annotations:
D:6 1 runed translucent door, CaptainMV's ghost, novice KoHs
D:7 2 transporters, dertzug's ghost, novice HOMo


Innate Abilities, Weirdness & Mutations

You have an increased reservoir of magic. (+10% MP)
You shall have no god before yourself.
Your divine heritage dramatically boosts your attributes as you level up.


Message History

The orc knight is moderately wounded. (Press . to maintain the ray.) Unknown command.
Unknown command.
The searing ray hits the gnoll.
The gnoll is moderately wounded.
The searing ray misses the orc knight.
The gnoll hits you from afar with a +1 halberd of draining!
* * * LOW HITPOINT WARNING * * *
You feel drained.
* * * LOW HITPOINT WARNING * * *
Unknown command.
There is an open door here.
You see here a +2 halberd of draining.
There is an open door here.
There is a fountain of blood here.
Things that are here:
a +0 halberd of draining; a gnoll corpse
There is an open door here.
Casting: Searing Ray (safe; 1% risk of failure)
Confirm with . or Enter, or press ? or * to list all spells.
You erupt in a blast of force!
The mystic blast hits the gnoll!
The gnoll is almost dead.
The gnoll is knocked back by the mystic blast.
The gnoll collides with the gnoll!
The gnoll is moderately wounded.
You kill the gnoll!
Unknown command.
Casting: Iskenderun's Mystic Blast (dangerous; 6% risk of failure)
Confirm with . or Enter, or press ? or * to list all spells.
You erupt in a blast of force!
The mystic blast hits the gnoll!
You kill the gnoll!
Unknown command.
Unknown command.
Casting: Iskenderun's Mystic Blast (dangerous; 6% risk of failure)
Confirm with . or Enter, or press ? or * to list all spells.
You erupt in a blast of force!
The mystic blast hits the orc knight!
The orc knight is heavily wounded.
The orc knight hits you from afar with a +0 halberd!!
You die...

#)###)###)')#
##'##'##'###'#
##.....## #)o
###.....# .!.!
#)'..⌠..+ .⌠.!
###.....# !.!.
##o....# !.!
##'##+##'# #+ '##
#@## #.#g# #'# ###
##### ###
#.###)###.#.###)##
##'##'##'###'##'##
##)....## ##.....
###.....### #.....
#.'..⌠..')# +..∩..
###.....### #.....
#.....## ##.....


You could see an orc knight.

Vanquished Creatures
  An ugly thing (D:7)
  Prince Ribbit (D:6)
  Eustachio (D:6)
  3 ice beasts
  2 black bears
  A sky beast (D:7)
  2 kobold brigands (D:7)
  A gnoll sergeant (D:6)
  3 scorpions
  2 bullfrogs
  A howler monkey (D:7)
  3 orc priests (D:5)
  3 hounds
  A gnoll bouda (D:4)
  2 sleepcaps (D:6)
  3 iguanas
  5 orc wizards
  6 adders
  17 gnolls
  3 shadow imps
  An ufetubus (D:7)
  2 dart slugs
  29 orcs
  5 ball pythons
  8 bats
  10 endoplasms
  4 giant cockroaches
  14 goblins
  4 hobgoblins
  4 jackals (D:2)
  3 quokkas
  8 frilled lizards
  17 kobolds
  9 rats
179 creatures vanquished.

Notes
Turn   | Place    | Note
-------+----------+-------------------------------------------
     0 | D:1      | McKennaii the Demigod Conjurer began the quest for the Orb.
     0 | D:1      | Reached XP level 1. HP: 14/14 MP: 5/5
   240 | D:1      | Reached XP level 2. HP: 20/20 MP: 4/7
   449 | D:1      | Reached skill level 4 in Conjurations
   868 | D:2      | Reached XP level 3. HP: 22/26 MP: 1/9
  1859 | D:3      | Learned a level 2 spell: Searing Ray
  1967 | D:3      | Found Hatwe's Armour Emporium.
  2204 | D:3      | Reached XP level 4. HP: 33/33 MP: 11/11
  2881 | D:4      | Reached XP level 5. HP: 38/38 MP: 13/13
  2886 | D:4      | Reached skill level 5 in Conjurations
  2895 | D:4      | Learned a level 4 spell: Iskenderun's Mystic Blast
  3298 | D:4      | Found a staircase to the Ecumenical Temple.
  3457 | D:4      | You fall into a shaft and drop 1 floor!
  3457 | D:5      | Entered Level 5 of the Dungeon
  3488 | D:5      | Reached XP level 6. HP: 45/45 MP: 15/15
  3618 | D:5      | Reached skill level 6 in Conjurations
  3885 | D:5      | Reached skill level 5 in Spellcasting
  3885 | D:5      | Reached XP level 7. HP: 18/50 MP: 18/18
  4705 | D:6      | Found a runed translucent door.
  4708 | D:6      | Noticed CaptainMV's ghost (novice KoHs)
  4922 | D:6      | Noticed Prince Ribbit
  4927 | D:6      | Killed Prince Ribbit
  4928 | D:6      | Reached skill level 7 in Conjurations
  5110 | D:6      | Reached XP level 8. HP: 57/57 MP: 20/20
  5276 | D:6      | Found Mor Kius's Antique Weapon Emporium.
  5499 | D:6      | Noticed Eustachio
  5508 | D:6      | Killed Eustachio
  5742 | D:6      | Reached skill level 8 in Conjurations
  6247 | D:7      | Found a transporter.
  6248 | D:7      | Noticed dertzug's ghost (novice HOMo)
  6506 | D:7      | Got the Guide on the Dose and Cryomancy
  6710 | D:7      | Found a transporter.
  6956 | D:7      | Noticed a brown ugly thing
  6976 | D:7      | Killed a brown ugly thing
  6977 | D:7      | Reached skill level 9 in Conjurations
  6977 | D:7      | Reached XP level 9. HP: 25/62 MP: 1/24
  7287 | D:8      | Found a flagged portal.
  7379 | Bailey   | Entered a bailey
  7661 | Bailey   | Noticed an orc knight
  7678 | Bailey   | Mangled by an orc knight

Illustrated notes

Levels and vault maps discovered:
D:1:      saegor_arrival_under_anarchy, layout_rooms,
          hellmonk_ecumenical_altar_slurped_away
D:2:      layout_loops_ring, basic_altar, minmay_lizard_pond
D:3:      layout_rooms, mainiacjoe_overflow_concentric_impassable, serial_shops,
          nicolae_shop_behind_doors, chequers_serial_rivers_micro_c
D:4:      layout_loops_ring, grunt_gozag_statues, grunt_temple_overflow_open,
          minmay_temple_entry_drinking_statues
D:5:      layout_gridville, chequers_temple_overflow_statue_of_worship
D:6:      layout_basic, lemuel_blue_sif_altar, hangedman_ru_absence,
          ebering_ghost_sewer_d, serial_shops, shop, uniq_eustachio,
          uniq_prince_ribbit1
D:7:      layout_loops_ring, gammafunk_ghost_stat_death
D:8:      layout_basic, cheibrodos_ashenzari_chains, enter_bailey_5,
          david_defended_altar_orc
Bailey:   bailey_polearm_nasty_gnolls, bailey

Skill      XL: |  1  2  3  4  5  6  7  8 |
---------------+-------------------------+-----
Spellcasting   | 2 3 4 5 6 7 |  7.8
Conjurations   | 4 5 6 7 9 |  9.2
Dodging        | |  1.7
Stealth        | |  1.7

Action                     |  1- 3 |  4- 6 |  7- 9 || total
---------------------------+-------+-------+-------++-------
  Melee: Scimitar          |    12 |     2 |       ||    14
   Cast: Magic Dart        |    97 |    85 |    91 ||   273
         Searing Ray       |       |    20 |    52 ||    72
         Iskenderun's Myst |       |       |     9 ||     9
  Evoke: Wand              |       |       |     1 ||     1
    Use: Scroll            |       |       |    10 ||    10
 Armour: Robe              |     6 |     2 |     8 ||    16
  Dodge: Dodged            |    22 |    11 |    45 ||    78
